 Dungeon Crawl Stone Soup version 0.26.0-16-gc1dbca0489 (webtiles) character file.

Game seed: 253100845282253912

13682 runemasterragnar the Fighter (level 12, -4/136 HPs)
             Began as an Ogre Monk on Jan 19, 2021.
             Was a High Priest of Okawaru.
             Slain by a phantom (6 damage)
             ... on level 12 of the Dungeon.
             The game lasted 00:30:42 (16288 turns).

runemasterragnar the Fighter (Ogre Monk)           Turns: 16288, Time: 00:30:42

Health: -4/136     AC:  5    Str: 22    XL:     12   Next: 8%
Magic:  17/17      EV: 12    Int: 11    God:    Okawaru [*****.]
Gold:   783        SH:  5    Dex: 11    Spells: 11/11 levels left

rFire    + + .     SeeInvis .   l - +11 broad axe of a wizard's laboratory {venom, rPois rF+}
rCold    + . .     Faith    .   (no shield)
rNeg     . . .     Spirit   .   W - +0 troll leather armour
rPois    +         Reflect  +   (helmet restricted)
rElec    .         Harm     .   m - scarf {rC+ rF+}
rCorr    .         Rampage  .   (gloves unavailable)
Will     +....                  (boots unavailable)
Stlth    +.........             Y - amulet of reflection
HPRegen  0.72/turn              d - ring of flight
MPRegen  0.15/turn              (no ring)

@: studying Transmutations
A: large, unfitting armour, tough skin 1
a: Renounce Religion, Evoke Flight, Heroism, Finesse


You were on level 12 of the Dungeon.
You worshipped Okawaru.
Okawaru was extremely pleased with you.
You visited 1 branch of the dungeon, and saw 12 of its levels.
You also visited: Ossuary and Ice Cave.

You collected 783 gold pieces.

Inventory:

Hand Weapons
 k - a +1 dagger of venom
 l - the +11 broad axe of a wizard's laboratory (weapon) {venom, rPois rF+}
   (Okawaru gifted it to you on level 10 of the Dungeon)

   It poisons the flesh of those it strikes.
   It protects you from fire.
   It protects you from poison.
 o - a +6 lajatang of electrocution
 Q - a +4 mace of freezing
Missiles
 f - 84 sling bullets
 G - 5 silver javelins
 L - 6 boomerangs
 M - 4 curare-tipped darts
 T - 26 poisoned darts
 U - a throwing net
 V - 7 large rocks (quivered)
Armour
 m - a scarf of resistance (worn)
 W - a +0 troll leather armour (worn)
Magical Staves
 b - an uncursed staff of earth {unknown}
 q - an uncursed staff of conjuration
 A - an uncursed staff of death {unknown}
Jewellery
 d - a ring of flight (left hand)
 Y - an amulet of reflection (around neck)
Wands
 n - a wand of polymorph (5)
 p - a wand of flame (7)
 K - a wand of iceblast (6)
 S - a wand of acid (3)
 X - a wand of paralysis (4)
 Z - a wand of disintegration (8)
Scrolls
 h - 5 scrolls of teleportation
 j - 3 scrolls of enchant armour
 t - 3 scrolls of magic mapping
 w - 2 scrolls of enchant weapon
 y - 4 scrolls of remove curse
 F - 4 scrolls of immolation
 J - 2 scrolls of fog
 N - a scroll of amnesia {unknown}
Potions
 a - a potion of brilliance {unknown}
 c - 11 potions of curing
 g - 3 potions of flight {unknown}
 i - a potion of attraction {unknown}
 r - 2 potions of lignification
 u - 2 potions of haste
 v - 3 potions of magic {unknown}
 z - a potion of resistance
 B - 2 potions of mutation {unknown}
 C - 4 potions of might {unknown}
 D - a potion of berserk rage {unknown}
 E - 2 potions of invisibility {unknown}
 I - a potion of cancellation {unknown}
 O - a potion of ambrosia {unknown}
Books
 P - a manual of Transmutations
Miscellaneous
 s - a phial of floods


   Skills:
 * Level 13.0 Fighting
 * Level 9.5(9.8) Axes
 - Level 2.7(6.2) Maces & Flails
 + Level 7.5 Throwing
 + Level 3.8 Armour
 + Level 7.2 Dodging
 - Level 1.4 Stealth
 + Level 7.5 Invocations


You had 11 spell levels left.
You didn't know any spells.
Your spell library contained the following spells:

 Spells                   Type           Power        Failure   Level
 Animate Skeleton         Necr           0%           38%         1
 Pain                     Necr           0%           38%         1
 Vampiric Draining        Necr           0%           77%         3
 Animate Dead             Necr           0%           99%         4
 Agony                    Necr           0%           100%        5


Dungeon Overview and Level Annotations

Branches:
Dungeon (12/15)            Temple (0/1) D:6            Lair (0/6) D:10
    Orc (0/2) D:10        Ossuary (visited)           IceCv (visited)

Altars:
Ashenzari
Elyvilon
Fedhas
Makhleb
Okawaru
Qazlal
Sif Muna
Trog
Vehumet
Xom
Yredelemnul
Zin
Beogh

Shops:
D:6 ?

Annotations:
D:4 2 transporters
D:7 exclusion: statue


Innate Abilities, Weirdness & Mutations

You are too large for most types of armour.
You have tough skin. (AC +1)


Message History

You feel much better.
The phantom hits you but does no damage.
You block the iguana's attack. The troll bites you!
* * * LOW HITPOINT WARNING * * *
The troll closely misses you. The troll claws you but does no damage.
Unknown command.
You feel much better. The iguana closely misses you.
The phantom closely misses you. The troll bites you!
* * * LOW HITPOINT WARNING * * *
The troll misses you. The troll claws you!
* * * LOW HITPOINT WARNING * * *
As you read the scroll labelled ZAMEK FORUCWIM, it crumbles to dust.
You assume a fearsome visage.
The troll looks frightened!
The iguana looks frightened!
The phantom is unaffected.
The centaur warrior skeleton is unaffected.
The acid dragon looks frightened!
The cyclops looks frightened!
It was a scroll of fear.
The cyclops looks desperately for an escape route.
The phantom hits you.
You die...

#....>.............#....
#.............>..#####..
#................# **#.#
#................#*#...#
#................#...##,
#.?....D........<..###*,
*#.C...Z(.(.....#.......
##....T##.........#...#
#####@##########zz.###
#Wl# **,,,,,,..##** #..#
*,,,,,,,#...,*
#..#**,,,_,,,*###.,
#..#*,,,,,,,** ***
#..#*,*,,,,,*
*#..#*,*******
***...#,,* ***,,,,,,,,*


You could see a cyclops (fleeing), a troll (fleeing), a phantom, an acid dragon
(fleeing), an iguana (fleeing) and a centaur warrior skeleton.

Vanquished Creatures
  A centaur warrior (D:11)
  An unseen horror (D:10)
  A deep elf mage (D:7)
  2 ugly things (IceCv)
  A cyclops (D:11)
  Maurice (D:10)
  Joseph (D:10)
  2 ice statues (IceCv)
  A gargoyle (D:11)
  2 ice devils (D:12)
  2 trolls
  4 yaks (D:10)
  A wyvern (D:11)
  A steam dragon (D:10)
  Menkaure (D:5)
  3 wargs (D:10)
  An acid dragon (D:11)
  Duvessa (D:5)
  11 orc warriors
  10 ice beasts
  A phantom (D:6)
  6 sky beasts
  An eye of draining (D:10)
  A necrophage (D:9)
  7 ogres
  7 centaurs
  7 big kobolds
  5 bullfrogs
  Dowan (D:5)
  4 killer bees (D:9)
  8 wights
  A howler monkey (D:2)
  A human zombie (Ossuary)
  A quasit (D:9)
  2 centaur zombies
  2 bullfrog skeletons
  3 hounds
  A gnoll shaman (D:5)
  A centaur skeleton (D:7)
  8 orc priests
  4 iguanas
  11 orc wizards
  8 worker ants
  2 big kobold zombies (Ossuary)
  6 mummies (Ossuary)
  2 hound zombies
  A howler monkey skeleton (D:6)
  3 worker ant zombies
  10 gnolls
  15 adders
  4 shadow imps
  3 ufetubi
  An ooze (D:3)
  3 adder skeletons
  3 worms
  3 leopard geckos
  32 orcs
  2 ball pythons
  8 giant cockroaches
  6 goblins
  9 hobgoblins
  4 jackals
  3 quokkas
  2 bats (D:2)
  7 frilled lizards
  A gnoll zombie (Ossuary)
  2 goblin zombies
  A hobgoblin zombie (Ossuary)
  A jackal zombie (D:8)
  29 kobolds
  A kobold zombie (Ossuary)
  11 rats
  A rat zombie (D:6)
  A spectral orc (D:5)
316 creatures vanquished.

Vanquished Creatures (others)
  An orc (D:3)
1 creature vanquished.

Grand Total: 317 creatures vanquished

Notes
Turn   | Place    | Note
-------+----------+-------------------------------------------
     0 | D:1      | runemasterragnar the Ogre Monk began the quest for the Orb.
     0 | D:1      | Reached XP level 1. HP: 24/24 MP: 1/1
   314 | D:1      | Reached XP level 2. HP: 13/32 MP: 2/2
  1229 | D:2      | Found a burning altar of Makhleb.
  1229 | D:2      | Found a shimmering altar of Xom.
  1332 | D:2      | Noticed a moth of wrath
  1334 | D:2      | Found a bloodstained altar of Trog.
  1524 | D:2      | Reached XP level 3. HP: 33/40 MP: 3/3
  2020 | D:2      | Reached skill level 5 in Fighting
  2020 | D:2      | Reached XP level 4. HP: 32/50 MP: 4/4
  2491 | D:2      | Found an iron altar of Okawaru.
  2501 | D:2      | Became a worshipper of Warmaster Okawaru
  2501 | D:2      | Reached * piety under Okawaru
  2501 | D:2      | Reached ** piety under Okawaru
  2637 | D:3      | Reached XP level 5. HP: 54/57 MP: 5/5
  2986 | D:3      | Reached skill level 1 in Invocations
  2994 | D:3      | Reached XP level 6. HP: 21/67 MP: 6/6
  3213 | D:3      | Found a stormy altar of Qazlal.
  3946 | D:4      | Reached skill level 6 in Fighting
  4049 | D:4      | Found a broken altar of Ashenzari.
  4110 | D:4      | Reached skill level 5 in Axes
  4400 | D:4      | Reached XP level 7. HP: 34/76 MP: 8/8
  4748 | D:4      | Found a transporter.
  4845 | D:5      | Entered Level 5 of the Dungeon
  4917 | D:5      | Noticed Dowan
  5141 | D:4      | Found a transporter.
  5230 | D:4      | You fall into a shaft and drop 2 floors!
  5254 | D:6      | Reached skill level 7 in Fighting
  5290 | D:6      | Reached skill level 1 in Throwing
  5306 | D:6      | Found a sand-covered staircase.
  5313 | Ossuary  | Entered an ossuary
  5558 | Ossuary  | Reached *** piety under Okawaru
  6053 | D:6      | Found Aronez's Magic Scroll Boutique.
  6161 | D:5      | Reached XP level 8. HP: 77/87 MP: 10/10
  6231 | D:5      | Noticed Menkaure
  6232 | D:5      | Noticed Duvessa
  6253 | D:5      | Killed Menkaure
  6273 | D:5      | Killed Duvessa
  6290 | D:5      | Killed Dowan
  6291 | D:5      | Reached skill level 8 in Fighting
  6966 | D:5      | Reached **** piety under Okawaru
  7426 | D:5      | Reached XP level 9. HP: 42/97 MP: 11/11
  7751 | D:5      | Found a basalt altar of Yredelemnul.
  8238 | D:6      | Reached skill level 9 in Fighting
  8531 | D:6      | Received a gift from Okawaru
  8607 | D:6      | Found a staircase to the Ecumenical Temple.
  9144 | D:6      | Reached skill level 5 in Dodging
  9566 | D:7      | Found a blossoming altar of Fedhas.
  9567 | D:7      | Found a glowing silver altar of Zin.
  9570 | D:7      | Found a shimmering blue altar of Sif Muna.
  9570 | D:7      | Found a white marble altar of Elyvilon.
  9596 | D:7      | Noticed a deep elf mage
  9617 | D:7      | Killed a deep elf mage
  9618 | D:7      | Reached skill level 5 in Throwing
 10169 | D:7      | Reached skill level 10 in Fighting
 10399 | D:7      | Found a radiant altar of Vehumet.
 10694 | D:8      | Reached skill level 5 in Invocations
 10778 | D:8      | Reached XP level 10. HP: 73/110 MP: 13/13
 11030 | D:8      | Reached skill level 1 in Maces & Flails
 11463 | D:8      | Received a gift from Okawaru
 13225 | D:10     | Entered Level 10 of the Dungeon
 13371 | D:10     | Noticed Maurice
 13385 | D:10     | Killed Maurice
 13386 | D:10     | Reached skill level 11 in Fighting
 13386 | D:10     | Reached skill level 1 in Armour
 13426 | D:10     | Reached ***** piety under Okawaru
 13819 | D:10     | Received a gift from Okawaru
 13820 | D:10     | Got a brightly glowing broad axe {god gift}
 13821 | D:10     | Identified the +11 broad axe of a wizard's laboratory
                  | {venom, rPois rF+} (Okawaru gifted it to you on level 10 of
                  | the Dungeon)
 14029 | D:10     | Found a staircase to the Lair.
 14250 | D:10     | Noticed Joseph
 14252 | D:10     | Found a staircase to the Orcish Mines.
 14256 | D:10     | Reached XP level 11. HP: 98/120 MP: 15/15
 14266 | D:10     | Killed Joseph
 14356 | D:10     | Found a roughly hewn altar of Beogh.
 14641 | D:10     | Killed an unseen horror
 15140 | D:11     | Noticed an eight-headed hydra
 15180 | D:11     | Reached skill level 12 in Fighting
 15301 | D:11     | Noticed a centaur warrior
 15447 | D:11     | Killed a centaur warrior
 15447 | D:11     | Received a gift from Okawaru
 15739 | D:11     | Received a gift from Okawaru
 15774 | D:11     | Noticed a cyclops
 15796 | D:11     | Killed a cyclops
 15920 | D:12     | Found a frozen archway.
 15936 | IceCv    | Entered an ice cave
 15936 | IceCv    | Noticed a white ugly thing
 15948 | IceCv    | Killed a white ugly thing
 15956 | IceCv    | Found a transporter.
 15972 | IceCv    | Noticed a white ugly thing
 15974 | IceCv    | Found a transporter.
 15980 | IceCv    | Killed a white ugly thing
 15981 | IceCv    | Reached XP level 12. HP: 82/133 MP: 13/17
 16003 | IceCv    | Reached skill level 13 in Fighting
 16285 | D:12     | HP: 1/136 [troll (12)]
 16288 | D:12     | Slain by a phantom

Illustrated notes

Levels and vault maps discovered:
D:1:      ebering_trefoil_twist, layout_loops_ring, serial_forest,
          infiniplex_forest_end_1, infiniplex_forest_corner_2,
          infiniplex_forest_lined_corner, infiniplex_forest_clump_large,
          infiniplex_forest_split, infiniplex_forest_straight_4
D:2:      layout_basic, gammafunk_temple_overflow_elements, tgw_trog,
          overflow_temple_1_default, minmay_divided_ellipse
D:3:      layout_loops_ring, grunt_qazlal_clouds
D:4:      gammafunk_cloud_chamber, layout_loops_corners,
          nicolae_ashenzari_panopticon
D:5:      layout_basic, yredelemnul_forgotten_temple_becter, uniq_menkaure,
          uniq_duvessa
D:6:      layout_basic, minmay_temple_entry_sparse_star, serial_shops,
          nicolae_shop_stone, enter_ossuary_4
D:7:      layout_rooms, grunt_temple_overflow_open, vehumet_statue,
          minmay_manual_mess
D:8:      layout_basic
D:9:      layout_long_grid
D:10:     layout_basic, erik_lair_orcish_takeover,
          minmay_orc_entry_temple_small, uniq_joseph, uniq_maurice
D:11:     evilmike_iron_armoury, layout_irregular_city
D:12:     minmay_the_grid_square_5x5_3x3 [minmay_the_grid_square_5x5_empty,
          minmay_the_grid_square_5x5_shrine1,
          minmay_the_grid_square_5x5_doubleslash,
          minmay_the_grid_square_5x5_inverted_slash,
          minmay_the_grid_square_5x5_megaprize_crossed,
          minmay_the_grid_square_5x5_seven, minmay_the_grid_square_5x5_n,
          minmay_the_grid_square_5x5_three, minmay_the_grid_square_5x5_n_small],
          layout_rooms, portal_ice_cave_demonic_guard, basic_altar

Skill      XL: |  1  2  3  4  5  6  7  8  9 10 11 12 |
---------------+-------------------------------------+-----
Dodging        | 3 4 5 6 7 |  7.2
Fighting       | 5 6 7 8 10 11 12 13 | 13.0
Axes           | 4 5 6 7 8 9 |  9.5
Invocations    | 1 2 3 5 6 7 |  7.5
Throwing       | 2 3 5 6 7 |  7.5
Maces & Flails | 2 |  2.7
Armour         | 2 3 |  3.8
Stealth        | |  1.4

Action                   |  1- 3 |  4- 6 |  7- 9 | 10-12 || total
-------------------------+-------+-------+-------+-------++-------
Melee: Hand axe          |    96 |   142 |   238 |       ||   476
       Halberd           |       |    20 |    40 |       ||    60
       Dagger            |       |     5 |   119 |       ||   124
       Mace              |       |       |    46 |   178 ||   224
       Broad axe         |       |       |       |   224 ||   224
       Punch             |       |       |       |     2 ||     2
Throw: Boomerang         |       |       |    48 |    15 ||    63
       Dart              |       |       |       |     7 ||     7
       Large rock        |       |       |       |     3 ||     3
Invok: Heroism           |       |     1 |       |     3 ||     4
       Finesse           |       |       |       |     1 ||     1
Evoke: Wand              |       |       |    30 |    10 ||    40
  Use: Scroll            |       |     3 |     3 |    11 ||    17
       Potion            |       |       |     2 |     8 ||    10
 Stab: Sleeping          |     2 |     5 |     4 |     2 ||    13
       Paralysed         |       |       |       |     7 ||     7
Armor: Robe              |    25 |    28 |    74 |    20 ||   147
       Skin              |       |       |    70 |    22 ||    92
       Troll leather arm |       |       |       |    59 ||    59
Dodge: Dodged            |    45 |    85 |   194 |   308 ||   632
Block: Other             |       |       |       |    93 ||    93
       Reflection        |       |       |       |    13 ||    13
